General information
- name: BNet
- type: Ladder team game (AT/RT)
- host: Battle.net
- saver: EATER.D
map: GolemsInTheMist
- players: 8
- length: 26:04
- speed: Fast
- version: 1.26 W3XP
- replay type: Public
» download(181 KB)
Players
team 1 (loser)

»
bxc55 (
blue | 92 APM | 2285 actions | 24:49)
4 Shadow Hunter
2 Serpent Ward
2 Healing Wave
4 Far Seer
2 Feral Spirit
2 Chain Lighting
2 Tauren Chieftain
1 Endurance Aura
1 War Stomp
» actions
| Assign group hotkey | 106 | |
| Basic commands | 140 | |
| Build / train | 80 | |
| Enter build submenu | 20 | |
| Enter hero's abilities submenu | 10 | |
| Remove unit from queue | 2 | |
| Right click | 980 | |
| Select / deselect | 424 | |
| Select group hotkey | 408 | |
| Use ability | 115 | |
2285 total
» units
| Peon | 10 | |
| Grunt | 6 | |
| Shaman | 3 | |
| Troll Witch Doctor | 2 | |
| Tauren | 4 | |
| Troll Batrider | 5 | |
30 total
» upgrades
| Berserker Strength | 1 | |
| Shaman Training | 2 | |
| Armor | 3 | |
| Witch Doctor Training | 2 | |
| Pulverize | 1 | |
| Melee Weapons | 2 | |
| Reinforced Defenses | 1 | |
12 total
» buildings
| Barracks | 2 | |
| Altar of Storms | 1 | |
| Orc Burrow | 6 | |
| Voodoo Lounge | 1 | |
| Stronghold | 2 | |
| War Mill | 1 | |
| Spirit Lodge | 2 | |
| Fortress | 2 | |
| Tauren Totem | 1 | |
| Great Hall | 1 | |
| Beastiary | 1 | |
| Watch Tower | 2 | |
22 total
» build order
00:45 Barracks
00:52 Altar of Storms
00:57 Orc Burrow
01:36 Barracks
01:55 Orc Burrow
02:48 Voodoo Lounge
03:34 Stronghold
04:02 Orc Burrow
04:43 War Mill
05:00 Orc Burrow
06:10 Spirit Lodge
06:13 Fortress
08:04 Spirit Lodge
12:43 Tauren Totem
16:37 Orc Burrow
16:59 Orc Burrow
17:40 Great Hall
20:39 Beastiary
20:49 Watch Tower
20:50 Watch Tower
» items
| Healing Salve | 1 | |
| Lesser Clarity Potion | 1 | |
| Scroll of Regeneration | 2 | |
| Scroll of Town Portal | 2 | |
6 total
JEW_TILL_I_DIE (
red | 64 APM | 1661 actions | 26:00)
5 Archmage
3 Summon Water Elemental
2 Brilliance Aura
4 Paladin
2 Holy Light
2 Divine Shield
3 Blood Mage
1 Flame Strike
2 Siphon Mana
» actions
| Assign group hotkey | 4 | |
| Build / train | 109 | |
| Enter build submenu | 23 | |
| Enter hero's abilities submenu | 12 | |
| Remove unit from queue | 3 | |
| Right click | 869 | |
| Select / deselect | 458 | |
| Select group hotkey | 1 | |
| Use ability | 182 | |
1661 total
» units
| Peasant | 14 | |
| Rifleman | 17 | |
| Goblin Shredder | 1 | |
| Priest | 8 | |
| Spell Breaker | 5 | |
| Sorceress | 4 | |
49 total
» upgrades
| Gunpowder | 3 | |
| Long Rifles | 1 | |
| Priest Training | 2 | |
| Control Magic | 1 | |
| Sorceress Training | 2 | |
9 total
» buildings
| Farm | 15 | |
| Altar of Kings | 1 | |
| Lumber Mill | 1 | |
| Barracks | 1 | |
| Blacksmith | 1 | |
| Keep | 1 | |
| Scout Tower | 4 | |
| Guard Tower | 6 | |
| Arcane Sanctum | 2 | |
| Town Hall | 4 | |
| Castle | 2 | |
| Arcane Vault | 2 | |
40 total
» build order
00:11 Farm
00:59 Altar of Kings
01:35 Farm
01:58 Lumber Mill
02:08 Barracks
02:18 Blacksmith
02:31 Farm
02:32 Farm
02:33 Farm
03:16 Keep
04:29 Scout Tower
04:30 Scout Tower
05:57 Guard Tower
06:08 Arcane Sanctum
06:57 Scout Tower
07:00 Scout Tower
07:09 Town Hall
07:19 Farm
07:20 Farm
07:21 Farm
08:18 Castle
08:19 Castle
08:33 Arcane Vault
08:47 Town Hall
10:17 Arcane Vault
10:34 Town Hall
15:14 Arcane Sanctum
16:05 Farm
16:07 Farm
16:08 Farm
19:41 Guard Tower
19:41 Guard Tower
19:41 Guard Tower
22:55 Town Hall
23:47 Farm
23:48 Farm
23:54 Farm
23:54 Farm
» items
| Scroll of Town Portal | 3 | |
| Orb of Fire | 1 | |
| Staff of Sanctuary | 1 | |
| Ivory Tower | 3 | |
8 total

»
Donut (
orange | 38 APM | 952 actions | 24:45)
4 Crypt Lord
2 Impale
2 Spiked Carapace
» actions
| Assign group hotkey | 1 | |
| Basic commands | 60 | |
| Build / train | 40 | |
| ESC pressed | 1 | |
| Enter build submenu | 18 | |
| Enter hero's abilities submenu | 4 | |
| Remove unit from queue | 1 | |
| Right click | 437 | |
| Select / deselect | 349 | |
| Use ability | 39 | |
952 total
» units
| Acolyte | 2 | |
| Ghoul | 2 | |
| Crypt Fiend | 5 | |
| Obsidian Statue | 17 | |
26 total
» upgrades
| Creature Attack | 2 | |
| Creature Carapace | 2 | |
| Destroyer Form | 1 | |
5 total
» buildings
| Altar of Darkness | 1 | |
| Crypt | 1 | |
| Ziggurat | 9 | |
| Graveyard | 1 | |
| Tomb of Relics | 1 | |
| Halls of the Dead | 1 | |
| Black Citadel | 1 | |
| Slaughterhouse | 2 | |
17 total
» build order
00:08 Altar of Darkness
00:13 Crypt
00:37 Ziggurat
01:16 Graveyard
02:09 Tomb of Relics
03:05 Halls of the Dead
03:19 Ziggurat
05:09 Ziggurat
05:11 Ziggurat
06:00 Black Citadel
06:52 Slaughterhouse
08:04 Slaughterhouse
12:54 Ziggurat
13:02 Ziggurat
21:50 Ziggurat
21:51 Ziggurat
21:51 Ziggurat
» items

»
Wasted-on-time (
pink | 25 APM | 609 actions | 24:40)
6 Demon Hunter
3 Immolation
1 Evasion
1 Mana Burn
1 Metamorphosis
» actions
| Build / train | 81 | |
| Enter build submenu | 26 | |
| Enter hero's abilities submenu | 7 | |
| Remove unit from queue | 1 | |
| Right click | 200 | |
| Select / deselect | 247 | |
| Use ability | 47 | |
609 total
» units
| Wisp | 23 | |
| Archer | 5 | |
| Druid of the Talon | 11 | |
| Dryad | 11 | |
| Chimaera | 11 | |
61 total
» upgrades
| Druid of the Talon Training | 2 | |
| Abolish Magic | 1 | |
| Well Spring | 1 | |
| Mark of the Talon | 1 | |
| Strength of the Wild | 1 | |
| Reinforced Hides | 1 | |
| Corrosive Breath | 1 | |
8 total
» buildings
| Moon Well | 8 | |
| Altar of Elders | 1 | |
| Ancient of War | 1 | |
| Hunter's Hall | 1 | |
| Tree of Ages | 1 | |
| Ancient of Wonders | 1 | |
| Tree of Eternity | 1 | |
| Ancient of Lore | 2 | |
| Ancient of Wind | 1 | |
| Tree of Life | 2 | |
| Ancient Protector | 5 | |
| Chimaera Roost | 2 | |
26 total
» build order
00:06 Moon Well
00:39 Altar of Elders
00:57 Ancient of War
01:46 Moon Well
02:26 Hunter's Hall
02:41 Moon Well
03:35 Tree of Ages
03:40 Ancient of Wonders
05:57 Moon Well
06:01 Tree of Eternity
06:05 Ancient of Lore
06:10 Ancient of Wind
07:11 Tree of Life
08:14 Ancient Protector
08:34 Chimaera Roost
09:40 Moon Well
11:26 Moon Well
12:29 Chimaera Roost
12:42 Moon Well
13:50 Moon Well
14:03 Ancient Protector
14:48 Ancient Protector
20:12 Tree of Life
20:16 Ancient Protector
20:19 Ancient Protector
22:53 Ancient of Lore
» items
| Scroll of Town Portal | 1 | |
| Orb of Venom | 1 | |
2 total
team 2 (winner)
Orcbuster1 (
yellow | 33 APM | 855 actions | 26:01)
6 Priestess of the Moon
2 Searing Arrows
3 Trueshot Aura
1 Starfall
» actions
| Assign group hotkey | 25 | |
| Basic commands | 1 | |
| Build / train | 71 | |
| Enter build submenu | 21 | |
| Enter hero's abilities submenu | 6 | |
| Right click | 293 | |
| Select / deselect | 245 | |
| Select group hotkey | 143 | |
| Use ability | 50 | |
855 total
» units
| Wisp | 14 | |
| Archer | 7 | |
| Huntress | 7 | |
| Hippogryph | 15 | |
| Chimaera | 6 | |
| Gryphon Rider | 5 | |
54 total
» upgrades
| Strength of the Moon | 2 | |
| Moon Armor | 1 | |
| Improved Bows | 1 | |
| Strength of the Wild | 2 | |
| Reinforced Hides | 1 | |
| Corrosive Breath | 1 | |
8 total
» buildings
| Moon Well | 8 | |
| Altar of Elders | 1 | |
| Ancient of War | 1 | |
| Hunter's Hall | 1 | |
| Ancient Protector | 2 | |
| Tree of Ages | 1 | |
| Ancient of Wonders | 1 | |
| Tree of Eternity | 1 | |
| Ancient of Wind | 1 | |
| Tree of Life | 3 | |
| Chimaera Roost | 2 | |
22 total
» build order
00:26 Moon Well
00:53 Altar of Elders
01:07 Ancient of War
01:33 Moon Well
02:24 Hunter's Hall
03:42 Ancient Protector
03:58 Ancient Protector
04:32 Moon Well
05:55 Tree of Ages
06:10 Moon Well
06:37 Ancient of Wonders
07:07 Moon Well
08:04 Moon Well
09:20 Tree of Eternity
09:32 Moon Well
10:27 Ancient of Wind
11:23 Tree of Life
13:01 Chimaera Roost
13:05 Chimaera Roost
14:14 Tree of Life
14:31 Moon Well
22:34 Tree of Life
TasteUrMedecin (
purple | 78 APM | 2029 actions | 26:01)
7 Death Knight
3 Death Coil
3 Unholy Aura
1 Animate Dead
5 Lich
3 Frost Nova
2 Frost Armor
2 Mountain King
1 Storm Bolt
1 Thunder Clap
» actions
| Assign group hotkey | 95 | |
| Build / train | 75 | |
| Enter build submenu | 16 | |
| Enter hero's abilities submenu | 14 | |
| Give item / drop item | 2 | |
| Right click | 826 | |
| Select / deselect | 352 | |
| Select group hotkey | 563 | |
| Use ability | 86 | |
2029 total
» units
| Acolyte | 3 | |
| Ghoul | 5 | |
| Crypt Fiend | 5 | |
| Frost Wyrm | 6 | |
| Siege Engine | 6 | |
| Knight | 6 | |
| Gryphon Rider | 3 | |
34 total
» upgrades
| Creature Attack | 2 | |
| Creature Carapace | 2 | |
| Web | 1 | |
| Burrow | 1 | |
| Destroyer Form | 1 | |
| Freezing Breath | 1 | |
| Storm Hammers | 1 | |
9 total
» buildings
| Graveyard | 1 | |
| Crypt | 1 | |
| Altar of Darkness | 1 | |
| Ziggurat | 7 | |
| Tomb of Relics | 1 | |
| Halls of the Dead | 1 | |
| Spirit Tower | 2 | |
| Black Citadel | 1 | |
| Sacrificial Pit | 1 | |
| Slaughterhouse | 1 | |
| Boneyard | 2 | |
19 total
» build order
00:18 Graveyard
00:23 Crypt
00:45 Altar of Darkness
01:00 Ziggurat
01:41 Tomb of Relics
02:24 Ziggurat
03:46 Ziggurat
04:44 Halls of the Dead
05:36 Ziggurat
06:15 Spirit Tower
07:52 Black Citadel
07:59 Ziggurat
08:20 Ziggurat
08:23 Sacrificial Pit
08:58 Ziggurat
09:08 Slaughterhouse
10:55 Boneyard
11:17 Boneyard
15:05 Spirit Tower
» items
| Rod of Necromancy | 1 | |
| Scroll of Regeneration | 4 | |
| Lesser Clarity Potion | 3 | |
| Scroll of Town Portal | 3 | |
| Orb of Corruption | 1 | |
12 total
EATER.D (
green | 55 APM | 1430 actions | 26:04)
7 Mountain King
3 Storm Bolt
3 Bash
1 Avatar
» actions
| Assign group hotkey | 60 | |
| Basic commands | 3 | |
| Build / train | 61 | |
| Enter build submenu | 26 | |
| Enter hero's abilities submenu | 7 | |
| Remove unit from queue | 2 | |
| Right click | 597 | |
| Select / deselect | 147 | |
| Select group hotkey | 414 | |
| Use ability | 113 | |
1430 total
» units
| Peasant | 28 | |
| Goblin Shredder | 1 | |
29 total
» upgrades
| Masonry | 3 | |
| Lumber Harvesting | 1 | |
4 total
» buildings
| Altar of Kings | 1 | |
| Farm | 4 | |
| Scout Tower | 5 | |
| Arcane Tower | 1 | |
| Keep | 1 | |
| Lumber Mill | 1 | |
| Guard Tower | 4 | |
| Castle | 2 | |
| Blacksmith | 63 | |
| Town Hall | 2 | |
84 total
» build order
00:13 Altar of Kings
00:24 Farm
00:56 Scout Tower
01:27 Arcane Tower
01:35 Farm
02:28 Keep
03:10 Lumber Mill
04:28 Scout Tower
04:31 Scout Tower
04:41 Scout Tower
04:43 Scout Tower
04:59 Guard Tower
05:27 Guard Tower
05:29 Guard Tower
07:01 Castle
07:06 Blacksmith
07:07 Blacksmith
07:09 Blacksmith
07:12 Blacksmith
07:15 Blacksmith
07:17 Blacksmith
07:22 Blacksmith
07:24 Blacksmith
07:25 Blacksmith
07:34 Blacksmith
08:26 Blacksmith
08:27 Blacksmith
08:29 Blacksmith
08:33 Blacksmith
08:37 Blacksmith
08:56 Blacksmith
09:43 Blacksmith
10:29 Blacksmith
10:31 Blacksmith
10:34 Blacksmith
10:37 Blacksmith
10:41 Blacksmith
10:43 Blacksmith
15:21 Town Hall
15:28 Town Hall
15:42 Farm
15:43 Farm
17:04 Blacksmith
17:06 Blacksmith
17:08 Blacksmith
17:10 Blacksmith
17:26 Blacksmith
17:28 Blacksmith
17:39 Blacksmith
17:40 Blacksmith
17:42 Blacksmith
17:46 Blacksmith
18:47 Blacksmith
18:48 Blacksmith
18:49 Blacksmith
18:51 Blacksmith
18:52 Blacksmith
18:54 Blacksmith
18:56 Blacksmith
18:58 Blacksmith
19:00 Blacksmith
21:15 Blacksmith
21:17 Blacksmith
21:20 Blacksmith
21:22 Blacksmith
21:24 Blacksmith
21:26 Blacksmith
21:27 Blacksmith
21:31 Blacksmith
21:35 Blacksmith
22:15 Blacksmith
22:16 Blacksmith
22:17 Blacksmith
22:18 Blacksmith
23:20 Blacksmith
23:21 Blacksmith
23:23 Blacksmith
23:25 Blacksmith
23:27 Blacksmith
23:28 Blacksmith
23:29 Blacksmith
23:31 Blacksmith
» items
| Potion of Healing | 3 | |
| Potion of Mana | 4 | |
| Orb of Corruption | 1 | |
| Scroll of Town Portal | 1 | |
9 total
massitems (
teal | 51 APM | 810 actions | 15:51)
2 Mountain King
1 Storm Bolt
1 Thunder Clap
1 Paladin
1 Holy Light
1 Archmage
1 Summon Water Elemental
» actions
| Assign group hotkey | 34 | |
| Basic commands | 60 | |
| Build / train | 84 | |
| ESC pressed | 3 | |
| Enter build submenu | 27 | |
| Enter hero's abilities submenu | 4 | |
| Give item / drop item | 2 | |
| Right click | 189 | |
| Select / deselect | 166 | |
| Select group hotkey | 174 | |
| Use ability | 67 | |
810 total
» units
| Peasant | 30 | |
| Footman | 3 | |
| Rifleman | 3 | |
| Mortar Team | 1 | |
| Dragonhawk Rider | 2 | |
| Siege Engine | 3 | |
| Spell Breaker | 2 | |
| Knight | 2 | |
46 total
» upgrades
| Swords | 2 | |
| Masonry | 3 | |
| Plating | 2 | |
| Gunpowder | 2 | |
| Armor | 2 | |
| Lumber Harvesting | 2 | |
| Animal War Training | 1 | |
| Control Magic | 1 | |
| Barrage | 1 | |
| Cloud | 1 | |
17 total
» buildings
| Farm | 11 | |
| Altar of Kings | 1 | |
| Barracks | 1 | |
| Lumber Mill | 1 | |
| Blacksmith | 1 | |
| Town Hall | 1 | |
| Scout Tower | 6 | |
| Arcane Vault | 2 | |
| Keep | 1 | |
| Guard Tower | 3 | |
| Workshop | 1 | |
| Arcane Sanctum | 1 | |
| Gryphon Aviary | 1 | |
| Castle | 1 | |
32 total
» build order
00:56 Farm
00:58 Altar of Kings
01:01 Barracks
01:07 Farm
01:25 Lumber Mill
02:13 Farm
02:53 Farm
03:02 Blacksmith
04:24 Town Hall
04:28 Scout Tower
04:30 Scout Tower
04:33 Arcane Vault
04:47 Keep
05:11 Guard Tower
05:45 Farm
07:28 Scout Tower
07:29 Scout Tower
07:35 Scout Tower
07:36 Scout Tower
08:25 Guard Tower
08:30 Guard Tower
08:39 Arcane Vault
08:53 Workshop
08:56 Arcane Sanctum
09:01 Gryphon Aviary
09:06 Farm
09:07 Farm
09:10 Farm
09:11 Farm
09:14 Farm
09:15 Farm
09:19 Castle
» items
| Scroll of Regeneration | 2 | |
| Potion of Mana | 3 | |
| Potion of Healing | 1 | |
| Scroll of Town Portal | 1 | |
7 total
Chat log
(00:13 / Allies) TasteUrMedecin: 100 g for quick fiends plz ? :)
(00:27 / All) JEW_TILL_I_DIE: is there new drop hack ? my wc3 closed 3 times on main acc ..
(00:36 / All) TasteUrMedecin: probably
(00:41 / All) EATER.D: i just drp hacked last game
(00:41 / All) JEW_TILL_I_DIE: FUCK
(00:44 / All) EATER.D: well my allies
(00:45 / All) JEW_TILL_I_DIE: lol
(00:54 / All) JEW_TILL_I_DIE: cn i get anti
(01:01 / All) JEW_TILL_I_DIE: ?
(01:02 / All) TasteUrMedecin: yeah
(01:05 / All) JEW_TILL_I_DIE: is it on d3scene
(01:07 / All) TasteUrMedecin: but that is considered a hack too
(01:08 / All) JEW_TILL_I_DIE: didnt find it
(01:09 / All) EATER.D: hope the hacker is on ur team
(01:15 / All) JEW_TILL_I_DIE: why
(01:22 / All) EATER.D: so u wont get dropped?
(01:26 / All) JEW_TILL_I_DIE: yes
(01:36 / All) TasteUrMedecin: because its a mh
(01:49 / All) EATER.D: sc2 4v4rt is so gay, i stabbed it in earlier today, its way boring
(01:52 / All) JEW_TILL_I_DIE: i can run it and not use im rank 3 in at 2s dont wana get mass drop hacked ..
(02:11 / All) TasteUrMedecin: ah... well see if there is a new one out
(02:18 / All) TasteUrMedecin: usually takes a week or two for a good anti hack
(02:27 / All) JEW_TILL_I_DIE: ye :(
(02:32 / All) EATER.D: cant u get banned with anti hack
(02:34 / All) Donut: Didn't even know there was WC3 hacks..
(02:36 / All) TasteUrMedecin: u good at 2s and do u host?
(02:40 / All) Donut: Not much people play it..
(02:42 / All) JEW_TILL_I_DIE: yes
(02:49 / All) JEW_TILL_I_DIE: profile fag_till_i_die
(02:50 / All) TasteUrMedecin: i need a good at partner
(03:28 / All) EATER.D: fag til i die is a familir name, are you chode or do u post on forums
(03:45 / All) JEW_TILL_I_DIE: no lol
(03:53 / All) JEW_TILL_I_DIE: i do but it aint bout games
(03:59 / All) JEW_TILL_I_DIE: i got a life
(04:05 / All) EATER.D: settle down red
(04:10 / Allies) TasteUrMedecin: yellow?
(04:11 / Allies) TasteUrMedecin: y
(04:14 / All) JEW_TILL_I_DIE: ?
(04:26 / All) JEW_TILL_I_DIE: whut u mean
(05:51 / Allies) TasteUrMedecin: take
(05:52 / Allies) TasteUrMedecin: item
(08:06 / Allies) TasteUrMedecin: paladin
(08:38 / Allies) TasteUrMedecin: green wtf?
(08:50 / Allies) Orcbuster1: oh no
(10:50 / Allies) EATER.D: force tp
(10:53 / Allies) EATER.D: my wall needs to persist
(13:17 / All) TasteUrMedecin: move -_-
(13:26 / All) JEW_TILL_I_DIE: lol no tp
(13:35 / All) TasteUrMedecin: blocked my lich
(14:49 / All) JEW_TILL_I_DIE: ur team gotta stop hero target lol they lose 6 units and kill 1 hero
(15:15 / All) massitems: maybe our team should stop tk too?
(17:23 / All) JEW_TILL_I_DIE: lol green blacksmiths?
(17:28 / All) TasteUrMedecin: yup
(17:29 / All) Donut: Wdf?
(17:32 / All) JEW_TILL_I_DIE: haha
(17:51 / All) TasteUrMedecin: i cant carry 4 players
(17:56 / All) EATER.D: yes u can
(17:59 / All) EATER.D: drayen can
(18:05 / All) JEW_TILL_I_DIE: its 3v4 i cant play on shit laptop
(19:43 / All) EATER.D: im no threat to u moron
(19:49 / All) JEW_TILL_I_DIE: lol
(20:21 / All) JEW_TILL_I_DIE: il let ur expo live
(20:25 / Allies) TasteUrMedecin: dont touch teal
(20:26 / Allies) TasteUrMedecin: plz
(20:57 / Allies) TasteUrMedecin: dont touch teal
(20:58 / All) Donut: Lol
(21:00 / All) Donut: Green
(21:02 / Allies) Orcbuster1: ok
(21:03 / All) Donut: Blacksmith wall
(21:06 / All) JEW_TILL_I_DIE: how many blacksmiths u have?
(21:29 / All) JEW_TILL_I_DIE: 34?
(21:41 / All) EATER.D: ive had a lot more than that before
(23:44 / Allies) TasteUrMedecin: green
(23:46 / Allies) TasteUrMedecin: gold me plz
(24:45 / All) bxc55: gg
(24:49 / All) JEW_TILL_I_DIE: lol
(24:51 / All) TasteUrMedecin: a
(24:53 / All) TasteUrMedecin: at afteR?
(24:54 / All) JEW_TILL_I_DIE: was minimized
(24:57 / All) JEW_TILL_I_DIE: all game didnt see
(25:13 / All) JEW_TILL_I_DIE: im on laptop shit cant host
(25:17 / All) JEW_TILL_I_DIE: tomorow?
(25:19 / All) TasteUrMedecin: aight
(25:22 / All) JEW_TILL_I_DIE: add n0strollz
(25:24 / All) TasteUrMedecin: add me on flist
(25:26 / All) JEW_TILL_I_DIE: or fag_till_i_die
(25:33 / All) TasteUrMedecin: ill add fag one
(25:38 / All) JEW_TILL_I_DIE: kk
(25:52 / All) JEW_TILL_I_DIE: gg
(25:52 / All) TasteUrMedecin: cant beleive we won
(25:58 / All) JEW_TILL_I_DIE: haha